 Dungeon Crawl Stone Soup version 0.30.0-5-g1a98f26d00 (webtiles) character file.

Game seed: 16158263680420896180

58 hawla the Firebug (level 4, 0/32 (33) HPs)
             Began as a Meteoran Fire Elementalist on May 12, 2023.
             Was a Plaything of Xom.
             Succumbed to a crimson imp's poison
             ... on level 3 of the Dungeon.
             The game lasted 00:07:59 (809 turns).

hawla the Firebug (Meteoran Fire Elementalist)       Turns: 809, Time: 00:08:00

HP:   0/32 (33)     AC:  2    Str:  9    XL:     4   Next: 44%
MP:   3/10          EV: 12    Int: 19    God:    Xom [..*...]
Gold: 27            SH:  0    Dex: 14    Spells: 3/10 levels left

rFire   . . .        (no weapon)
rCold   . . .        (no shield)
rNeg    . . .        a - +0 robe
rPois   .            (no helmet)
rElec   .            (no cloak)
rCorr   .            (no gloves)
SInv    .            (no boots)
Will    .....        (no amulet)
Stlth   +            (no ring)
HPRegen 0.25/turn    (no ring)
MPRegen 0.12/turn

%: no passive effects
@: lethally poisoned (0 -> -4), hasted, glowing, lightly drained, very quick
A: sense surroundings 1, otherworldly, glowing, explore regen
a: Renounce Religion


You were on level 3 of the Dungeon.
You worshipped Xom.
You were a toy of Xom.
You visited 1 branch of the dungeon, and saw 3 of its levels.

You collected 74 gold pieces.
You spent 47 gold pieces at shops.

Inventory:

Armour
 a - a +0 robe (worn)
Potions
 c - a potion of cancellation


   Skills:
 - Level 0.1 Fighting
 - Level 2.6 Dodging
 - Level 1.4 Stealth
 - Level 3.5 Spellcasting
 + Level 2.2 Conjurations
 - Level 4.6 Fire Magic


You had 3 spell levels left.
You knew the following spells:

 Your Spells              Type           Power      Damage    Failure   Level
a - Foxfire               Conj/Fire      64%        2x1d7     3%          1
b - Scorch                Fire           42%        2d6       3%          2
c - Flame Wave            Conj/Fire      16%        2d7       34%         4

Your spell library contained the following spells:

 Spells                   Type           Power      Damage    Failure   Level
 Momentum Strike          Conj/Tloc      14%        3d8       14%         2
 Inner Flame              Hex/Fire       12%        N/A       17%         3
 Volatile Blastmotes      Fire/Tloc      24%        2d12      17%         3
 Blink                    Tloc           6%         N/A       22%         2
 Lesser Beckoning         Tloc           6%         N/A       22%         2


Dungeon Overview and Level Annotations

Branches:
Dungeon (3/15) Zot: 990

Altars:
Nemelex Xobeh
Xom
Yredelemnul

Shops:
D:1 **   D:3 :?


Innate Abilities, Weirdness & Mutations

You passively map a small area around you.
You are easily found by Zot.
You glow in the dark.
You regain HP and MP as you explore.


Message History

Really walk into that dispersal trap?
You enter a dispersal trap!
The crimson imp blinks! x3; You blink.
The crimson imp blinks!
The crimson imp completely misses you.
The crimson imp enters a dispersal trap!
The crimson imp blinks! x2; You blink.
You enter a dispersal trap!
You blink.
A rat comes into view.
The crimson imp blinks!
There is an open door here.
The crimson imp hits you but does no damage.
The crimson imp shouts, "Bolt, thou bumbling beetle-headed nobody!"
The crimson imp blinks!
You hit the crimson imp but do no damage.
The crimson imp hits you. x2
The crimson imp hits you with a +2 dagger of chaos.
The crimson imp burns you.
The crimson imp attacks as you move away!
The crimson imp hits you with a +2 dagger of chaos.
* * * LOW HITPOINT WARNING * * *
You are lethally poisoned!
* * * LOW HITPOINT WARNING * * *
You feel very sick.
The crimson imp blinks!
The crimson imp closely misses you.
There is a shimmering altar of Xom here.
You kneel at the altar of Xom.
Xom welcomes you!
* * * LOW HITPOINT WARNING * * *
You feel sick. Xom smiles on you.
You feel yourself speed up.
The crimson imp blinks!
The crimson imp hits you but does no damage.
The crimson imp barely misses you.
Okay, then.
* * * LOW HITPOINT WARNING * * *
You feel sick.
You almost hear Xom's maniacal laughter.
Your eyebrows briefly feel incredibly bushy.
Really walk into that dispersal trap?
You enter a dispersal trap!
The crimson imp blinks! x5; You blink.
You die...
Xom giggles madly!

....................
,
.......##).####.....
##.......#####.....
,
...........5.#*####*
* ,
,.#####..####.#####
* , , * ##.# #.#.#5#
* ,* ,* ### #.#.#§#
#.#.§§### * ~ *
#.@.§§§§# ~ *
###§§§#..#, *
#^#^#..# ,** *
#5#§##..# ##### #.#*
* .. #r , ##


You could see 2 crimson imps.

Vanquished Creatures
  2 adders (D:2)
  3 dart slugs (D:1)
  3 endoplasms
  A giant cockroach (D:2)
  3 goblins
  3 hobgoblins (D:1)
  A quokka (D:1)
  5 ball pythons
  2 bats (D:1)
  A frilled lizard (D:2)
  5 kobolds
  6 rats
35 creatures vanquished.

Vanquished Creatures (others)
  79 foxfires
79 creatures vanquished.

Grand Total: 114 creatures vanquished

Notes
Turn   | Place    | Note
-------+----------+-------------------------------------------
     0 | D:1      | hawla the Meteoran Fire Elementalist began the quest for
                  | the Orb.
     0 | D:1      | Reached XP level 1. HP: 14/14 MP: 5/5
    85 | D:1      | Found Byemmih's Assorted Antiques.
   123 | D:1      | Reached skill level 4 in Fire Magic
   123 | D:1      | Reached XP level 2. HP: 18/20 MP: 1/6
   126 | D:1      | Learned a level 2 spell: Scorch
   163 | D:1      | Found a sparkling altar of Nemelex Xobeh.
   165 | D:1      | Found Teusk's General Store.
   236 | D:1      | Reached XP level 3. HP: 24/26 MP: 5/8
   499 | D:1      | Glimpsed the power of Zot.
   552 | D:1      | Bought a scroll labelled MODOALE MIUPUE for 25 gold pieces
   552 | D:1      | Bought a golden potion for 22 gold pieces
   654 | D:2      | Reached XP level 4. HP: 33/33 MP: 2/10
   661 | D:2      | Learned a level 4 spell: Flame Wave
   696 | D:2      | Found a faded altar of an unknown god.
   726 | D:3      | Found a basalt altar of Yredelemnul.
   747 | D:3      | Found Douq's Book Emporium.
   751 | D:3      | Found Acheicwo's Magic Scroll Shop.
   785 | D:3      | Found a shimmering altar of Xom.
   807 | D:3      | Became a worshipper of Xom of Chaos
   807 | D:3      | XOM: potion effect (haste)
   808 | D:3      | HP: 1/32 [poisoned by a crimson imp]
   808 | D:3      | XOM: silly message
   809 | D:3      | Succumbed to a crimson imp's poison

Illustrated notes

Levels and vault maps discovered:
D:1:      ncdulo_watergridlock, layout_basic, serial_shops,
          nicolae_shop_hallway_stairs, nicolae_shop_hallway_stairs,
          nicolae_shop_tiny_real_fake_doors, minivault_27, minmay_hexomino_r4
D:2:      layout_loops_cross, hellmonk_ecumenical_altar_zigzags,
          minmay_misc_feat_four_crosses, kennysheep_doodads, st_stairs_11
D:3:      layout_rooms, led_xom_imps,
          nicolae_gozag_cash_rules_everything_around_me,
          mainiacjoe_overflow_brackets, mainiacjoe_overflow_catwalk,
          okawaru_gym_becter, mainiacjoe_overflow_alcove_4, serial_shops, shop,
          nicolae_shop_just_a_little_nook, nicolae_shop_hallway_stairs, shop,
          shop, guppyfry_early_orc_mine

Skill      XL: |  1  2  3  4 |
---------------+-------------+-----
Fire Magic     | 4 |  4.6
Spellcasting   | 3 |  3.5
Conjurations   | 2 |  2.2
Fighting       | |  0.1
Dodging        | |  2.6
Stealth        | |  1.4

Action                     |  1- 3 |  4- 6 || total
---------------------------+-------+-------++-------
  Melee: Unarmed           |    40 |     2 ||    42
   Cast: Foxfire           |    33 |    14 ||    47
         Scorch            |    11 |     5 ||    16
    Use: Potion            |     1 |       ||     1
         Scroll            |     2 |     2 ||     4
 Armour: Robe              |    13 |     5 ||    18
  Dodge: Dodged            |    19 |    10 ||    29
